 Dungeon Sprint DCSS version 0.31-a0-920-g28cbb04a8c (webtiles) character file.

Game seed: 13212612858540560035

3260 sircluck the Grappler (level 9, -1/105 HPs)
             Began as a Troll Berserker on Oct 17, 2023.
             Was the Champion of Trog.
             Slain by a wyvern (14 damage)
             ... in the Dungeon (Sprint VII: "The Pits").
             The game lasted 00:02:01 (767 turns).

sircluck the Grappler (Troll Berserker)              Turns: 767, Time: 00:02:02

Health: -1/105     AC:  4    Str: 37    XL:     9   Next: 68%
Magic:  8/8        EV: 13    Int:  3    God:    Trog [******]
Gold:   0          SH:  0    Dex:  9    Spells: 8/8 levels left

rFire   . .          .
                       - Unarmed
rCold   . . .        (no shield)
rNeg    . . .        a - +0 animal skin
rPois   .            (helmet restricted)
rElec   .            (no cloak)
rCorr   .            (gloves unavailable)
SInv    .            (boots unavailable)
Will    .....        (no amulet)
Stlth   +            k - +3 ring of strength
HPRegen 1.17/turn    l - +3 ring of strength
MPRegen 0.11/turn

%: no teleportation
@: lethally poisoned (-1 -> -12), on berserk cooldown, slowed, very slow
A: large, unfitting armour, claws 3, regeneration 1, shaggy fur 1, tough skin 1
a: Renounce Religion, Berserk, Trog's Hand, Brothers in Arms


You were in the Dungeon.
You worshipped Trog.
Trog was exalted by your worship.
You visited 1 branch

Inventory:

Armour
 a - a +0 animal skin (worn)
Jewellery
 k - a +3 ring of strength (left claw)
 l - a +3 ring of strength (right claw)
Scrolls
 g - a scroll of blinking
 i - 2 scrolls of vulnerability
 j - a scroll of summoning
Potions
 b - 7 potions of curing
 c - 12 potions of heal wounds
 d - 2 potions of haste
 e - 4 potions of magic
 f - 3 potions of berserk rage
 h - 2 potions of invisibility
 m - 2 potions of might


   Skills:
 + Level 11.5 Fighting
 + Level 11.3 Dodging
 + Level 13.3 Unarmed Combat


You had 8 spell levels left.
You didn't know any spells.
Your spell library was empty.

Dungeon Overview and Level Annotations

Branches:
Dungeon (1/1)

Altars:
Ashenzari
Cheibriados
Dithmenos
Elyvilon
Fedhas
Gozag
Hepliaklqana
Kikubaaqudgha
Makhleb
Nemelex Xobeh
Okawaru
Qazlal
Ru
Sif Muna
Trog
Uskayaw
Vehumet
Wu Jian
Xom
Yredelemnul
Zin
The Shining One
Jiyva
Lugonu

Annotations:
D Grum


Innate Abilities, Weirdness & Mutations

You are too large for most types of armour.
You have claws for hands.
Your natural rate of healing is unusually fast.
You are covered in fur. (AC +1)
You have tough skin. (AC +1)


Message History

You are more poisoned.
The wolf bites you. The wyvern closely misses you.
Your Unarmed Combat skill increases to level 13!
Unknown command.
You are too injured to fight recklessly!
Unknown command.
Unknown command.
You feel better. The wolf bites you. The wyvern barely misses you.
The wolf bites you.
Grum hits you from afar with a -2 spear of venom!
You are poisoned.
The wyvern barely misses you. Grum misses you.
Unknown command.
Unknown command.
Unknown command.
You mangle the wolf!! Your claw misses the wolf.
The wolf is almost dead.
You feel very sick. The wyvern barely misses you.
The wolf bites you but does no damage. x2
The wyvern bites you.
* * * LOW HITPOINT WARNING * * *
Grum hits you from afar with a -2 spear of venom.
* * * LOW HITPOINT WARNING * * *
You are more poisoned.
The wolf bites you.
* * * LOW HITPOINT WARNING * * *
The wolf barely misses you.
Unknown command.
Unknown command.
Unknown command.
You scratch the wolf but do no damage.
The wolf is almost dead.
You feel very sick. The wyvern barely misses you.
The wolf completely misses you. The wolf barely misses you.
Grum hits you from afar with a -2 spear of venom.
* * * LOW HITPOINT WARNING * * *
You are more poisoned.
The wolf bites you but does no damage. The wyvern bites you!
You die...

#..# #..# #..#
####### #..#
..##..# #..#
..##..# #.g#
..''..# #hl#
..''..##########@h#
..##..............#
..##..............#
###################


You could see Grum, a wyvern and 2 wolves.

Vanquished Creatures
  A merfolk avatar (D)
  2 shadow wraiths (D)
  A black mamba (D)
  A molten gargoyle (D)
  A guardian mummy (D)
  A flying skull (D)
  2 phantoms (D)
  A kobold brigand (D)
  2 scorpions (D)
  3 wights (D)
  2 orc priests (D)
  2 adders (D)
  A white imp (D)
  An ufetubus (D)
  3 orcs (D)
  A bat (D)
  2 endoplasms (D)
  2 giant cockroaches (D)
  2 quokkas (D)
  A ball python (D)
  A goblin (D)
33 creatures vanquished.

Notes
Turn   | Place    | Note
-------+----------+-------------------------------------------
     0 | D        | sircluck the Troll Berserker began the quest for the Orb.
     0 | D        | Reached XP level 1. HP: 22/22 MP: 0/0
    11 | D        | Noticed a scorpion
    15 | D        | Killed a scorpion
    16 | D        | Reached skill level 5 in Unarmed Combat
    16 | D        | Reached XP level 2. HP: 16/32 MP: 1/1
    16 | D        | Reached XP level 3. HP: 20/39 MP: 2/2
    20 | D        | Found a bloodstained altar of Trog.
    20 | D        | Found a shimmering blue altar of Sif Muna.
    20 | D        | Found a viscous altar of Jiyva.
    20 | D        | Found a hazy altar of Hepliaklqana.
    20 | D        | Found an opulent altar of Gozag.
    21 | D        | Found a glowing golden altar of the Shining One.
    21 | D        | Found a glowing silver altar of Zin.
    21 | D        | Found a basalt altar of Yredelemnul.
    21 | D        | Found a shimmering altar of Xom.
    21 | D        | Found an ornate altar of the Wu Jian Council.
    21 | D        | Found a sacrificial altar of Ru.
    21 | D        | Found a stormy altar of Qazlal.
    21 | D        | Found an iron altar of Okawaru.
    21 | D        | Found a sparkling altar of Nemelex Xobeh.
    21 | D        | Found a burning altar of Makhleb.
    21 | D        | Found a blossoming altar of Fedhas.
    21 | D        | Found a white marble altar of Elyvilon.
    21 | D        | Found a shadowy altar of Dithmenos.
    21 | D        | Found a snail-covered altar of Cheibriados.
    25 | D        | Found a corrupted altar of Lugonu.
    25 | D        | Found a radiant altar of Vehumet.
    26 | D        | Found a broken altar of Ashenzari.
    26 | D        | Found an ancient bone altar of Kikubaaqudgha.
    26 | D        | Found a hide-covered altar of Uskayaw.
    78 | D        | Reached ** piety under Trog
    91 | D        | Reached XP level 4. HP: 49/49 MP: 3/3
    95 | D        | Reached *** piety under Trog
   102 | D        | Reached skill level 5 in Fighting
   102 | D        | Reached skill level 5 in Dodging
   102 | D        | Reached skill level 6 in Unarmed Combat
   106 | D        | Reached **** piety under Trog
   111 | D        | Reached XP level 5. HP: 31/57 MP: 4/4
   178 | D        | Noticed a phantom
   191 | D        | Killed a phantom
   192 | D        | Reached skill level 7 in Unarmed Combat
   195 | D        | Reached XP level 6. HP: 40/68 MP: 5/5
   243 | D        | Reached ***** piety under Trog
   291 | D        | Reached skill level 8 in Unarmed Combat
   306 | D        | Noticed a molten gargoyle
   314 | D        | Killed a molten gargoyle
   315 | D        | Reached skill level 9 in Unarmed Combat
   315 | D        | Reached XP level 7. HP: 15/81 MP: 6/6
   467 | D        | Noticed a flying skull
   475 | D        | Received a gift from Trog
   476 | D        | Reached skill level 10 in Unarmed Combat
   477 | D        | Reached ****** piety under Trog
   483 | D        | Killed a flying skull
   490 | D        | Reached XP level 8. HP: 41/92 MP: 7/7
   535 | D        | Noticed a guardian mummy
   551 | D        | Killed a shadow wraith
   552 | D        | Reached skill level 11 in Unarmed Combat
   556 | D        | Killed a guardian mummy
   557 | D        | Reached skill level 10 in Fighting
   557 | D        | Reached skill level 10 in Dodging
   671 | D        | Noticed a black mamba
   680 | D        | Killed a black mamba
   681 | D        | Reached skill level 12 in Unarmed Combat
   681 | D        | Reached XP level 9. HP: 73/102 MP: 8/8
   728 | D        | Killed a shadow wraith
   753 | D        | Noticed Grum
   753 | D        | Noticed a merfolk avatar
   764 | D        | Killed a merfolk avatar
   764 | D        | Received a gift from Trog
   765 | D        | Reached skill level 13 in Unarmed Combat
   767 | D        | Slain by a wyvern

Illustrated notes

Levels and vault maps discovered:
D:        pitsprint [storerooms_1, entrance_room_1, metal_vault_1, armoury_1,
          mini_pit_1, grid_room_1, main_hall_1, silver_pit, the_coven_3,
          the_vestibule_1, steel_vault_5, golden_pit, hallway_of_sentries,
          crystal_vault_6, iron_vault_1, final_vault]

Skill      XL: |  1  2  3  4  5  6  7  8  9 |
---------------+----------------------------+-----
Fighting       | 4 5 6 8 9 10 11 | 11.5
Dodging        | 4 5 6 8 10 11 | 11.3
Unarmed Combat | 5 6 7 9 10 12 13 | 13.3

Action                     |  1- 3 |  4- 6 |  7- 9 || total
---------------------------+-------+-------+-------++-------
  Melee: Unarmed           |    10 |    44 |    52 ||   106
         Punch             |       |     1 |     6 ||     7
 Invoke: Berserk           |       |     1 |     2 ||     3
    Use: Potion            |       |       |     1 ||     1
 Armour: Animal skin       |     7 |    23 |    55 ||    85
  Dodge: Dodged            |     2 |    23 |    20 ||    45

Table legend: (Time is in decaauts)
 A = Elapsed time spent in this place.
 B = Non-inter-level travel time spent in this place.
 C = Inter-level travel time spent in this place.
 D = Time resting spent in this place.
 E = Time spent auto-exploring this place.
 F = Levels seen in this place.
 G = Mean time per level.
                   A        B        C        D        E       F      G
               +--------+--------+--------+--------+--------+-----+--------+
         Total |    794 |    738 |     56 |    305 |    107 |   1 |  794.0 |
       Dungeon |    794 |    738 |     56 |    305 |    107 |   1 |  794.0 |
               +--------+--------+--------+--------+--------+-----+--------+

Top non-repeatable levels by time:
       D: 794 daAuts
